 Dungeon Crawl Stone Soup version 0.17-a0-1591-g7a45446 (webtiles) character file.

147 Eleanoora the Conjurer (level 5, 38/38 HPs)
             Began as a Hill Orc Fire Elementalist on July 29, 2015.
             Quit the game on level 3 of the Dungeon.
             The game lasted 00:05:40 (3748 turns).

Eleanoora the Conjurer (Hill Orc Fire Elementalist) Turns: 3748, Time: 00:05:40

Health: 38/38      AC:  3    Str: 11    XL:     5   Next: 29%
Magic:  4/8        EV: 12    Int: 15    God:
Gold:   122        SH:  0    Dex: 12    Spells: 3 memorised, 1 level left

rFire  . . .     SeeInvis .     q - -1 war axe (curse)
rCold  . . .     Clarity  .     a - +0 robe
rNeg   . . .     SustAt   .     (no shield)
rPois  +         Gourm    .     (no helmet)
rElec  .         Spirit   .     (no cloak)
rCorr  .         Warding  .     (no gloves)
rMut   .         Stasis   .     g - +0 pair of boots
MR     .....                    (no amulet)
Stlth  ++........               (no ring)
                                f - ring of poison resistance

@: not resistant to hostile enchantments, unstealthy
A: no striking features
a: no special abilities


You were on level 3 of the Dungeon.
You were hungry.

You visited 1 branch of the dungeon, and saw 3 of its levels.

You collected 122 gold pieces.


   Skills:
 - Level 1.5 Dodging
 - Level 1.5 Stealth
 - Level 2.5 Spellcasting
 - Level 4.0 Conjurations
 + Level 3.5 Fire Magic


You had one spell level left.
You knew the following spells:

 Your Spells              Type           Power        Failure   Level  Hunger
a - Flame Tongue          Conj/Fire      ##...        6%          1    #......
c - Conjure Flame         Conj/Fire      ##......     17%         3    ###....
s - Sticky Flame          Conj/Fire      ##......     54%         4    #####..

Inventory:

Hand weapons
 q - a cursed -1 war axe (weapon)
Missiles
 i - 41 stones (quivered)
Armour
 a - a +0 robe (worn)
 g - a +0 pair of boots (worn)
Jewellery
 f - a ring of poison resistance (left hand)
Scrolls
 d - 2 scrolls of magic mapping {unknown}
 j - 3 scrolls of identify {unknown}
 k - 5 scrolls of recharging {unknown}
 p - a scroll of enchant armour {unknown}
Potions
 e - 4 potions of might {unknown}
 h - a potion of cancellation {unknown}
 m - a potion of poison {unknown}
 n - a potion of heal wounds {unknown}
 o - a potion of haste {unknown}
Books
 b - a book of Flames
Comestibles
 c - 2 bread rations
 l - 2 meat rations
 r - a chunk of flesh

Dungeon Overview and Level Annotations

Branches:
Dungeon (3/15)

Altars:
Cheibriados
Sif Muna
Trog


Message History

Casting: Flame Tongue
Confirm with . or Enter, or press ? or * to list all spells.
You can't see any susceptible monsters within range! (Use Z to cast anyway.)
Casting: Flame Tongue
Confirm with . or Enter, or press ? or * to list all spells.
You can't see any susceptible monsters within range! (Use Z to cast anyway.)
Casting: Flame Tongue
Confirm with . or Enter, or press ? or * to list all spells.
You can't see any susceptible monsters within range! (Use Z to cast anyway.)
Things that are here:
a war axe; a ring mail; an orc corpse
Casting: Flame Tongue
Confirm with . or Enter, or press ? or * to list all spells.
Aiming: Flame Tongue
Press: ? - help, Shift-Dir - straight line, f - orc
Aim: an orc, wielding a flail The flame tongue hits the orc.
You kill the orc!
Casting: Flame Tongue
Confirm with . or Enter, or press ? or * to list all spells.
You can't see any susceptible monsters within range! (Use Z to cast anyway.)
Casting: Flame Tongue
Confirm with . or Enter, or press ? or * to list all spells.
You can't see any susceptible monsters within range! (Use Z to cast anyway.)
q - a war axe You butcher the orc corpse.
r - a chunk of flesh
Things that are here:
a ring mail; an orc skeleton Wield which item (- for none, * to show all)? (? for menu, Esc to quit)
r - a chunk of flesh (in hand) Wield which item (- for none, * to show all)? (? for menu, Esc to quit)
It sticks to your hand!
q - a cursed -1 war axe (weapon)
Are you sure you want to abandon this character and quit the game? (Confirm with "yes".)

#.....##...........
#.....##.##.##.#...
#.....##.##.#......
#.....##.##......##
###.....##.##.#..#.##
#.............#..#...
#.#.)............#.##
######
#.#.).####.####......
#....# #.#.@.......
#..#### #.##.#
#.#....#.### #..#
####.##.###.#....#.#
###..###
#................#.#
#......#
####.#.####........#
#......#
#......#........#
#....#.#
###.##.#........#
#....#.##
#.##.#.#.###.##
#........ #....#.#.#
#.#####..###.##


There were no monsters in sight!

Action                   |  1- 3 |  4- 6 || total
-------------------------+-------+-------++-------
 Cast: Flame Tongue      |    96 |    45 ||   141
       Conjure Flame     |       |     1 ||     1
  Eat: Chunk             |     6 |     4 ||    10

Notes
Turn   | Place    | Note
--------------------------------------------------------------
     0 | D:1      | Eleanoora the Hill Orc Fire Elementalist began the quest for the Orb.
     0 | D:1      | Reached XP level 1. HP: 14/14 MP: 3/3
   246 | D:1      | Reached XP level 2. HP: 11/20 MP: 0/4
   452 | D:1      | Reached skill level 2 in Spellcasting
  1072 | D:1      | Reached XP level 3. HP: 26/26 MP: 4/6
  1077 | D:1      | Learned a level 3 spell: Conjure Flame
  1103 | D:1      | Reached skill level 2 in Conjurations
  2535 | D:2      | Reached XP level 4. HP: 33/33 MP: 2/7
  2545 | D:2      | Learned a level 4 spell: Sticky Flame
  2632 | D:2      | Found a bloodstained altar of Trog.
  2644 | D:2      | Found a deep blue altar of Sif Muna.
  3280 | D:3      | Noticed Natasha
  3296 | D:3      | Killed Natasha
  3296 | D:3      | Reached skill level 3 in Conjurations
  3412 | D:3      | Found a snail-covered altar of Cheibriados.
  3427 | D:3      | Reached XP level 5. HP: 36/38 MP: 2/8
  3528 | D:3      | Reached skill level 4 in Conjurations
  3634 | D:3      | Noticed Natasha
  3642 | D:3      | Killed Natasha
  3748 | D:3      | Quit the game

Vault maps used:
D:1:      saegor_arrival_simple_d
D:2:      overflow_temple_1_default, led_sif_pool, serial_forest,
          infiniplex_forest_lined_2, infiniplex_forest_zigzag_1,
          infiniplex_forest_clump_diagonal, infiniplex_forest_clump_C,
          infiniplex_forest_split, infiniplex_forest_lined_3,
          infiniplex_forest_clump_curved
D:3:      cheibriados_altar_1, okawaru_altar_gauntlet_db,
          nicolae_overflow_hidden_temple, first_bread, uniq_natasha

Vanquished Creatures
  A giant frog skeleton Natasha (twice)
  An adder
  2 worms
  2 giant geckos
  4 orcs
  2 ball pythons
  9 bats
  2 giant cockroaches
  13 goblins
  10 hobgoblins
  A quokka
  4 giant newts
  6 kobolds
  7 rats
66 creatures vanquished.
